 Dungeon Crawl Stone Soup version 0.29-a0-397-g846e4a0bbc (webtiles) character file.

Game seed: 15490158184653867295

23 Bruhh the Digger (level 2, 24/24 HPs)
             Began as an Ogre Earth Elementalist on May 12, 2022.
             Was a Follower of Kikubaaqudgha.
             Quit the game on level 1 of the Dungeon.
             The game lasted 00:01:40 (1113 turns).

Bruhh the Digger (Ogre Earth Elementalist)          Turns: 1113, Time: 00:01:41

Health: 24/24      AC:  3    Str: 11    XL:     2   Next: 95%
Magic:  5/5        EV:  9    Int: 16    God:    Kikubaaqudgha [*.....]
Gold:   30         SH:  0    Dex:  9    Spells: 4/5 levels left

rFire   . . .      SeeInvis .   (no weapon)
rCold   . . .      Faith    .   (no shield)
rNeg    . . .      Spirit   .   b - +0 robe
rPois   .          Reflect  .   (helmet restricted)
rElec   .          Harm     .   (no cloak)
rCorr   .          Rampage  .   (gloves unavailable)
Will    .....                   (boots unavailable)
Stlth   +.........              (no amulet)
HPRegen 0.08/turn               (no ring)
MPRegen 0.09/turn               (no ring)

@: no status effects
A: large, unfitting armour, tough skin 1
a: Renounce Religion, Receive Corpses


You were on level 1 of the Dungeon.
You worshipped Kikubaaqudgha.
Kikubaaqudgha was aware of your devotion.
You visited 1 branch of the dungeon, and saw 1 of its levels.

You collected 30 gold pieces.

Inventory:

Missiles
 a - 42 stones
Armour
 b - a +0 robe (worn)
Jewellery
 k - a ring of protection from fire
Scrolls
 d - a scroll of blinking {unknown}
 e - 2 scrolls of identify {unknown}
 f - 2 scrolls of teleportation {unknown}
 h - a scroll of enchant weapon {unknown}
 i - a scroll of magic mapping {unknown}
Potions
 c - a potion of heal wounds {unknown}
 g - a potion of flight {unknown}
 j - a potion of curing {unknown}


   Skills:
 - Level 1.7 Dodging
 - Level 1.4 Stealth
 - Level 2.4 Spellcasting
 - Level 0.8 Transmutations
 + Level 3.7 Earth Magic


You had 4 spell levels left.
You knew the following spells:

 Your Spells              Type           Power      Damage    Failure   Level
a - Sandblast             Erth           26%        2d8       4%          1

Your spell library contained the following spells:

 Spells                   Type           Power      Damage    Failure   Level
 Passwall                 Tmut/Erth      7%         N/A       12%         2
 Animate Skeleton         Necr           2%         N/A       21%         1
 Pain                     Necr           4%         1d4       21%         1
 Stone Arrow              Conj/Erth      14%        3d7       28%         3
 Sublimation of Blood     Necr           1%         N/A       30%         2
 Gell's Gravitas          Tloc           1%         N/A       52%         3
 Lesser Beckoning         Tloc           1%         N/A       52%         3
 Teleport Other           Tloc           1%         N/A       52%         3
 Vampiric Draining        Necr           1%         2d6       52%         3
 Petrify                  Tmut/Erth      9%         N/A       61%         4


Dungeon Overview and Level Annotations

Branches:
Dungeon (1/15)

Altars:
Kikubaaqudgha


Innate Abilities, Weirdness & Mutations

You are too large for most types of armour.
You have tough skin. (AC +1)


Message History

You can't see any susceptible monsters within range! (Use Z to cast anyway.)
The blast of sand hits the rat!
You kill the rat!
No target in view!
You can't see any susceptible monsters within range! (Use Z to cast anyway.) No target in view!
You can't see any susceptible monsters within range! (Use Z to cast anyway.)
You pick up a book of Displacement and begin reading...
You add the spells Lesser Beckoning, Gell's Gravitas and Teleport Other to your library.
k - a ring of protection from fire
Found a hunting sling.
Found a faded altar of an unknown god.
There is a faded altar of an unknown god here.
You see here a -3 hunting sling.
You see here a +0 ring mail.
Done exploring.
Done exploring.
Done exploring.
Okay, then.
Press: ? - help, . - travel, g - get item You can't see that place. [Stash: a -3 hunting sling] [a faded altar of an unknown god.]
You see here a +0 ring mail.
There is a faded altar of an unknown god here.
You see here a -3 hunting sling.
You cannot tell which god this altar belongs to.
Convert to them anyway?
Uppercase [Y]es or [N]o only, please.
You cannot tell which god this altar belongs to.
Convert to them anyway?
Kikubaaqudgha accepts your prayer! Kikubaaqudgha welcomes you!
You can now receive cadavers from Kikubaaqudgha.
Kikubaaqudgha grants you a gift!
You add the spells Animate Skeleton, Pain, Sublimation of Blood and Vampiric Draining to your library.
Are you sure you want to abandon this character and quit the game? (Confirm with "yes".)

####.....#.....### #...#.)## #
##..##.........##.# ###...## #
....)###.....####.# #.#.## #
.......####### #.## #.#..## #
..#.......# #..#####.##..# #
..........# #........###[####
.........## ####..####...##...##
.รท##.....#####..#..#
#..#....#.##
..#............#@..###.#####.#..#
..#............#.####..# #.##.#
..#..............## #.## #.##.#
.................####.# #.##.#
.###.............##...# #....#
.###.##..........#..### ######
...#.............#.## #
#...###.......(.#..# #
##...###..........## #


There were no monsters in sight!

Vanquished Creatures
  An endoplasm (D:1)
  A giant cockroach (D:1)
  A goblin (D:1)
  A hobgoblin (D:1)
  3 jackals (D:1)
  2 kobolds (D:1)
  3 ball pythons (D:1)
  5 bats (D:1)
  2 frilled lizards (D:1)
  2 rats (D:1)
21 creatures vanquished.

Notes
Turn   | Place    | Note
-------+----------+-------------------------------------------
     0 | D:1      | Bruhh the Ogre Earth Elementalist began the quest for the
                  | Orb.
     0 | D:1      | Reached XP level 1. HP: 16/16 MP: 3/3
   135 | D:1      | Reached skill level 3 in Earth Magic
   389 | D:1      | Reached XP level 2. HP: 23/24 MP: 3/5
  1057 | D:1      | Found a faded altar of an unknown god.
  1112 | D:1      | Prayed at the altar of an unknown god.
  1112 | D:1      | Became a worshipper of Kikubaaqudgha
  1112 | D:1      | Reached * piety under Kikubaaqudgha
  1112 | D:1      | Received a gift from Kikubaaqudgha
  1113 | D:1      | Quit the game

Illustrated notes

Levels and vault maps discovered:
D:1:      minmay_arrival_loop, layout_rooms, ebering_ecumenical_altar_rust,
          hangedman_decor_opposing

Skill      XL: |  1 |
---------------+----+-----
Earth Magic    | 3 |  3.7
Dodging        | |  1.7
Stealth        | |  1.4
Spellcasting   | |  2.4
Transmutations | |  0.8

Action                   || total
-------------------------++-------
Melee: Unarmed           ||    34
 Cast: Sandblast         ||    31
  Use: Potion            ||     1
Armor: Robe              ||    21
Dodge: Dodged            ||    38

Table legend: (Time is in decaauts)
 A = Elapsed time spent in this place.
 B = Non-inter-level travel time spent in this place.
 C = Inter-level travel time spent in this place.
 D = Time resting spent in this place.
 E = Time spent auto-exploring this place.
 F = Levels seen in this place.
 G = Mean time per level.
                   A        B        C        D        E       F      G
               +--------+--------+--------+--------+--------+-----+--------+
         Total |   1113 |   1099 |     14 |      0 |    946 |   1 | 1113.0 |
       Dungeon |   1113 |   1099 |     14 |      0 |    946 |   1 | 1113.0 |
               +--------+--------+--------+--------+--------+-----+--------+

Top non-repeatable levels by time:
     D:1: 1113 daAuts
